 Dungeon Crawl Stone Soup version 0.22.1-2-g9c5b331 (webtiles) character file.

1635 Goblin1989 the Covert (level 8, 0/50 HPs)
             Began as an Octopode Assassin on Dec 13, 2018.
             Was a Believer of Ru.
             Slain by an orc
             ... wielding a +0 mace
              (7 damage)
             ... on level 6 of the Dungeon.
             The game lasted 00:18:18 (8035 turns).

Goblin1989 the Covert (Octopode Assassin)           Turns: 8035, Time: 00:18:19

Health: 0/50       AC:  1    Str: 10    XL:     8   Next: 98%
Magic:  8/8        EV: 16    Int: 14    God:    Ru [**....]
Gold:   216        SH:  0    Dex: 13    Spells: 7/7 levels left

rFire    . . .     SeeInvis .   w - +0 blowgun {@w1}
rCold    . . .     Gourm    .   (no shield)
rNeg     . . .     Faith    .   (helmet restricted)
rPois    .         Spirit   .   (no amulet)
rElec    .         Reflect  .   (no ring)
rCorr    .         Harm     .   (no ring)
MR       .....                  (no ring)
Stlth    +++++.....             (no ring)
HPRegen  0.16/turn              (no ring)
MPRegen  0.11/turn              (no ring)
                                (no ring)
                                (no ring)

@: no status effects
A: almost no armour, stealthy swim, amphibious, 8 rings, constrict 8, camouflage
1, clumsy 1, gelatinous body 1, inexperienced 1
a: Renounce Religion


You were on level 6 of the Dungeon.
You worshipped Ru.
Ru was pleased with you.
You were not hungry.

You visited 1 branch of the dungeon, and saw 6 of its levels.

You collected 216 gold pieces.

Inventory:

Hand Weapons
 a - a +2 dagger of speed
 w - a +0 blowgun (weapon) {@w1}
Missiles
 c - 2 poisoned needles (quivered)
 d - 2 curare-tipped needles
 y - 94 bolts
 D - 76 sling bullets
 F - 141 stones {@Q3}
 Q - 49 arrows
 T - 2 needles of paralysis
Wands
 O - a wand of polymorph (10)
 X - a wand of random effects (19)
Scrolls
 x - a scroll of enchant weapon {unknown}
 B - 3 scrolls of remove curse {unknown}
 E - 3 scrolls of teleportation {unknown}
 H - a scroll of amnesia {unknown}
 J - a scroll of random uselessness {unknown}
 S - a scroll of fog {unknown}
 W - a scroll of summoning {unknown}
Potions
 A - a potion of flight {unknown}
 I - 2 potions of agility
 L - a potion of heal wounds {@q2}
 N - a potion of mutation {!q}
 P - 2 potions of curing {@q1}
 U - a potion of haste {@q3,}
Comestibles
 e - 10 rations
 Y - 6 chunks of flesh


   Skills:
 + Level 2.2 Fighting
 - Level 8.0 Short Blades
 - Level 2.0 Throwing
 - Level 6.0 Dodging
 - Level 10.0 Stealth


You had 7 spell levels left.
You didn't know any spells.
Your spell library was empty.

Dungeon Overview and Level Annotations

Branches:
Dungeon (6/15)             Temple (0/1) D:5

Altars:
Dithmenos
Gozag
Nemelex Xobeh
Ru
Sif Muna
Yredelemnul
Zin

Shops:
D:4 (

Annotations:
D:3 4 runed doors, RoboWizard's ghost, amateur DrWz


Innate Abilities, Weirdness & Mutations

You cannot wear most types of armour.
You are very stealthy in the water. (Stealth+)
You are amphibious.
You can wear up to eight rings at the same time.
You can use your tentacles to constrict eight enemies at once.
Your skin changes colour to match your surroundings (Stealth+).
You are clumsy. (Dex -2)
Your rubbery body absorbs attacks. (AC +1, EV +1)
You are somewhat inexperienced. (-2 XL)


Message History

The orc is almost dead.
The orc barely misses you.
You hit the orc.
You kill the orc!
Training target 8.0 for Short Blades reached!
Your Short Blades skill increases to level 8!
You need to enable at least one skill for training.
Something hits you.
You take 3 damage, and have 33/50 hp.
You see here a leather armour.
You barely miss something. Your squeeze misses something.
The orc shouts!
You hit something but do no damage. You squeeze something.
You redirect something's attack!
Something barely misses the giant cockroach.
You closely miss something. You squeeze something. You hit something.
You miss something. Something hits you.
You take 4 damage, and have 30/50 hp.
You hit something. You miss something. Your squeeze misses something.
Something closely misses you.
You closely miss something. Your squeeze misses something.
You hit something but do no damage.
The orc shouts!
You hit something. You miss something.
The giant cockroach waves its antennae.
You hit something. Something hits you.
You take 2 damage, and have 28/50 hp.
You hit something.
Reactivating autopickup.
You feel a bit more experienced.
The orc priest shouts!
You hit the giant cockroach but do no damage.
You grab the giant cockroach.
You constrict the giant cockroach, but do no damage.
You hit the giant cockroach.
The giant cockroach is severely wounded.
You constrict the giant cockroach.
You hit the giant cockroach but do no damage.
You squeeze the giant cockroach.
You kill the giant cockroach!
The orc barely misses you.
Items here: ) [[ †† a dagger; a robe; a leather armour; a giant cockroach corpse; an orc corpse
Press: ? - help, v - describe, . - travel
Here: an orc, wielding a dagger of protection The floor.
Unknown command.
Wield which item (- for none, * to show all)? (? for menu, Esc to quit)
w - a +0 blowgun (weapon)
{@w1} Firing (i - inventory. (/) - cycle)
c - 6 poisoned needles (quivered)
Press: ? - help, Shift-Dir - straight line, f - orc priest
Aim: an orc priest, wielding a club You shoot a poisoned needle.
The poisoned needle barely misses the orc.
The poisoned needle hits the orc.
The orc is poisoned.
The orc barely misses you.
Firing (i - inventory. (/) - cycle)
c - 5 poisoned needles (quivered)
Press: ? - help, Shift-Dir - straight line, f/p - orc priest
Aim: an orc priest, wielding a club You shoot a poisoned needle.
The poisoned needle hits the orc.
The orc is poisoned.
The orc misses you.
The orc priest mumbles some strange prayers to Beogh against you.
Beogh smites you!
* * * LOW HITPOINT WARNING * * *
You take 12 damage, and have 17/50 hp.
MASSIVE DAMAGE!!
Firing (i - inventory. (/) - cycle)
c - 4 poisoned needles (quivered)
Press: ? - help, Shift-Dir - straight line, f/p - orc priest
Aim: an orc priest, wielding a club You shoot a poisoned needle.
The poisoned needle barely misses the orc.
The poisoned needle hits the orc.
The orc looks even sicker.
You redirect the orc priest's attack!
The orc misses you.
You redirect the orc priest's attack!
The orc priest calls upon Beogh to heal the orc.
The orc's wounds heal themselves!
Firing (i - inventory. (/) - cycle)
c - 3 poisoned needles (quivered)
Press: ? - help, Shift-Dir - straight line, f/p - orc priest
Aim: an orc priest, wielding a club You shoot a poisoned needle.
The poisoned needle hits the orc.
The orc looks even sicker.
The orc warrior shouts!
The orc priest calls down the wrath of Beogh upon you.
Beogh smites you!
* * * LOW HITPOINT WARNING * * *
You focus your will and blind the orc priest in retribution!
You take 12 damage, and have 6/50 hp.
MASSIVE DAMAGE!!
An orc comes into view. It is wielding a dagger.
An orc comes into view. It is wielding a mace.
The orc warrior misses you.
The orc shouts!
The orc priest is no longer blind.
The orc looks more healthy.
The orc shouts! x2
You kill the orc!
The orc throws a stone.
The stone hits you but does no damage. The orc hits you but does no damage.
The orc hits you with a mace!
You die...

█.█.8...8.█.██ ....
█.█.......█..█ .█..
█.....⌂....... █..
███.......█... █.█ ██..
█.8...8.██.. ... █...
██.....██ █.█.█.. ....
███o██████.........██
█...███.........████
██.o@█..?█ .....o...
████..o.o.█.██████ █..█
█.........█......█████..
█).......).o.....()(((..
█................█████.)
█.........██.....█ ██..█
█.........██.....███..██
█.................[))██
█████.....██.....█████


You could see an orc warrior and 4 orcs.

Vanquished Creatures
  Eustachio (D:4)
  Duvessa (D:4)
  An orc warrior (D:6)
  A phantom (D:5)
  2 ogres
  A necrophage (D:6)
  2 centaurs (D:5)
  A big kobold (D:3)
  Dowan (D:4)
  2 scorpions (D:5)
  2 howler monkeys
  3 centaur zombies
  4 crimson imps
  2 bullfrog zombies (D:4)
  3 jellies
  2 bullfrog skeletons
  An orc wizard (D:6)
  A hound skeleton (D:4)
  A worker ant zombie (D:4)
  5 gnolls
  4 adders
  2 oozes
  3 worms
  6 dart slugs
  3 leopard geckos
  11 orcs
  10 bats
  4 giant cockroaches
  8 goblins
  10 hobgoblins
  13 jackals
  5 frilled lizards
  A jackal skeleton (D:4)
  A jackal zombie (D:4)
  8 kobolds
  2 leopard gecko skeletons
  A leopard gecko zombie (D:4)
  A quokka skeleton (D:4)
  A quokka zombie (D:4)
  4 rats (D:1)
135 creatures vanquished.

Vanquished Creatures (others)
  An adder zombie (D:4)
1 creature vanquished.

Grand Total: 136 creatures vanquished

Notes
Turn   | Place    | Note
-------+----------+-------------------------------------------
     0 | D:1      | Goblin1989 the Octopode Assassin began the quest for the
                  | Orb.
     0 | D:1      | Reached XP level 1. HP: 14/14 MP: 1/1
   325 | D:1      | Reached skill level 6 in Stealth
   325 | D:1      | Reached XP level 2. HP: 10/19 MP: 2/2
   560 | D:1      | Reached XP level 3. HP: 24/24 MP: 3/3
   676 | D:1      | Reached skill level 7 in Stealth
  1565 | D:2      | Found a sacrificial altar of Ru.
  1574 | D:2      | Became a worshipper of Ru the Awakened
  1606 | D:2      | Reached XP level 4. HP: 29/29 MP: 4/4
  1823 | D:2      | Reached skill level 8 in Stealth
  2292 | D:2      | Reached XP level 5. HP: 6/34 MP: 5/5
  2682 | D:3      | Noticed a big kobold
  2685 | D:3      | Reached skill level 9 in Stealth
  2800 | D:3      | Killed a big kobold
  2800 | D:3      | Reached XP level 6. HP: 26/39 MP: 6/6
  3092 | D:3      | Found a sparkling altar of Nemelex Xobeh.
  3093 | D:3      | Found a basalt altar of Yredelemnul.
  3093 | D:3      | Found a shadowy altar of Dithmenos.
  3094 | D:3      | Found a glowing silver altar of Zin.
  3109 | D:3      | Reached skill level 10 in Stealth
  3253 | D:3      | Found a runed gate.
  3255 | D:3      | Found a runed gate.
  3255 | D:3      | Found a runed gate.
  3259 | D:3      | Noticed RoboWizard's ghost (amateur DrWz)
  3408 | D:3      | Found a runed door.
  3567 | D:3      | Gained mutation: You are somewhat inexperienced. (-2 XL)
                  | [Ru sacrifice]
  3567 | D:3      | Reached XP level 5. HP: 34/34 MP: 5/5
  3567 | D:3      | Reached XP level 4. HP: 29/29 MP: 4/4
  3567 | D:3      | Reached * piety under Ru
  3567 | D:3      | Reached ** piety under Ru
  3697 | D:4      | Noticed Duvessa
  3697 | D:4      | Noticed Dowan
  3712 | D:4      | HP: 1/29 [Duvessa/short sword (12)]
  4093 | D:4      | Killed Duvessa
  4093 | D:4      | Reached XP level 5. HP: 10/34 MP: 5/5
  4098 | D:4      | Killed Dowan
  4098 | D:4      | Reached XP level 6. HP: 5/39 MP: 6/6
  4797 | D:4      | Found Geuv Bad's Weapon Shop.
  4838 | D:4      | Noticed Eustachio
  4853 | D:4      | Killed Eustachio
  4853 | D:4      | Reached skill level 5 in Dodging
  4853 | D:4      | Reached XP level 7. HP: 30/45 MP: 7/7
  5465 | D:5      | Entered Level 5 of the Dungeon
  5568 | D:5      | Found a staircase to the Ecumenical Temple.
  5918 | D:5      | Reached XP level 8. HP: 36/50 MP: 8/8
  6094 | D:5      | Reached skill level 5 in Short Blades
  6284 | D:5      | Found a deep blue altar of Sif Muna.
  6633 | D:5      | Found a shadowy altar of Dithmenos.
  7776 | D:6      | Found an opulent altar of Gozag.
  7833 | D:6      | Gained mutation: You are clumsy. (Dex -2) [Ru sacrifice]
  8035 | D:6      | Slain by an orc

Skill      XL: |  1  2  3  4  5  6  7  8 |
---------------+-------------------------+-----
Stealth        | 6 7 8 9 10 | 10.0
Dodging        | 2 3 5 6 |  6.0
Short Blades   | 4 8 |  8.0
Fighting       | |  2.2
Throwing       | |  2.0

Action                   |  1- 3 |  4- 6 |  7- 9 || total
-------------------------+-------+-------+-------++-------
Melee: Dagger            |    61 |   144 |   237 ||   442
       Constrict         |    11 |    28 |    32 ||    71
       Tentacles         |     8 |    26 |    52 ||    86
       Unarmed           |       |     4 |       ||     4
 Fire: Blowgun           |       |    10 |     8 ||    18
Invok: Sacrifice Experie |       |     1 |       ||     1
       Sacrifice Purity  |       |       |     1 ||     1
Evoke: Wand              |       |     1 |       ||     1
  Use: Scroll            |       |       |     5 ||     5
 Stab: Sleeping          |    17 |     8 |     8 ||    33
       Distracted        |       |     1 |     3 ||     4
       Confused          |       |     1 |       ||     1
  Eat: Chunk             |     2 |     9 |    11 ||    22
Armor: Skin              |     4 |    25 |     8 ||    37
Dodge: Dodged            |    22 |    74 |   120 ||   216

Vault maps used:
D:1:      lightli_arrival_farm, serial_glass, glass_columns_a, glass_columns_b,
          glass_columns_a
D:2:      small_statue_intersection, nicolae_ru_sacrificial_ziggurat
D:3:      chequers_temple_overflow_statue_of_worship,
          gammafunk_ghost_necromancy, uniq_crazy_yiuf_cottage
D:4:      serial_undead, serial_undead_a, serial_undead_a, serial_undead_a,
          serial_undead_f, serial_shops, shop, uniq_duvessa, uniq_eustachio
D:5:      kennysheep_mini_moat, minmay_temple_entry_statues_fountains,
          first_ration, nicolae_dithmenos_shadow_blocks
D:6:      grunt_gozag_statues
